Map: Magannatha LE

Players

ManlyManMeat

  • Race: Zerg Zerg
  • League: Diamond
  • Spawn Location: 11:00

XNetman - Winner!

  • Race: Terran Terran
  • League: Diamond
  • Spawn Location: 5:00

VOD

Have the link to the VOD?

Description

Time

  • Played on: July 1, 2025, 10:47 a.m.
  • Length: 3:37
Show
View Real Time Build Order
Export as new Build Order

ManlyManMeat Zerg 

Build Orders: Hatch First 

Get SALT Encoding   

  12  0:00  Drone  
  13  0:11  Drone  
  14  0:16  Drone, Extractor  
  15  0:22  Overlord  
  15  0:41  Drone  
  16  0:47  Hatchery  
  15  0:50  Drone  
  15  0:54  Drone  
  17  0:58  Drone  
  18  1:13  Extractor  
  18  1:14  Spawning Pool  
  18  1:17  Drone  
  17  1:25  Drone  
  18  1:48  Drone x2  
  20  2:00  Queen x2  
  24  2:01  Zergling x4  
  26  2:11  Zergling x4  
  28  2:34  Spine Crawler  
  25  2:45  Drone, Spine Crawler  
  25  2:47  Drone  
  25  2:49  Zergling x2  
  27  3:03  Overlord  
Show
View Real Time Build Order
Export as new Build Order

XNetman Terran - Winner!

Build Orders:  

Get SALT Encoding   

  12  0:00  SCV  
  13  0:12  SCV  
  14  0:17  Supply Depot  
  14  0:27  SCV  
  15  0:39  SCV  
  16  0:52  Barracks  
  16  0:54  Barracks  
  16  0:58  SCV  
  17  1:06  Supply Depot  
  17  1:11  SCV  
  18  1:23  SCV  
  19  1:37  SCV  
  20  1:41  Marine  
  20  1:42  Marine  
  22  1:49  SCV  
  23  2:00  Bunker  
  23  2:02  Bunker  
  23  2:03  Bunker  
  23  2:04  Marine x2  
  23  2:06  SCV  
  26  2:23  Marine x2  
  26  2:24  SCV  
  29  2:38  Orbital Command  
  29  2:41  Marine x2  
  31  2:44  Supply Depot  
  31  3:05  Marine x2  
  31  3:06  Command Center  
  33  3:18  Refinery  
  33  3:20  Refinery  
Tags
 
Matchup
TvZ
Replay Pack
Myownreplay2
Spawn Locations
Cross Positions
Add a new tag
Caveats
  • Supply blocks, unpowered buildings, or Contaminate may cause inaccurate times.
  • Supply counts are checked every 10 seconds.